 Dungeon Crawl Stone Soup version 0.19-a0-611-gb5a7e8d (webtiles) character file.

37 Chikkuri the Grasshopper (level 3, -1/24 HPs)
             Began as an Octopode Warper on June 12, 2016.
             Slain by a worm (10 damage)
             ... on level 2 of the Dungeon.
             The game lasted 00:02:29 (1161 turns).

Chikkuri the Grasshopper (Octopode Warper)          Turns: 1161, Time: 00:02:29

Health: -1/24      AC:  1    Str: 11    XL:     3   Next: 39%
Magic:  6/6        EV: 12    Int: 15    God:
Gold:   84         SH:  0    Dex: 11    Spells: 1 memorised, 5 levels left

rFire  . . .     SeeInvis .       - Unarmed
rCold  . . .     Gourm    .     (no shield)
rNeg   . . .     Faith    .     (helmet restricted)
rPois  .         Spirit   .     (no amulet)
rElec  .         Dismiss  .     (no ring)
rCorr  .         Reflect  .     (no ring)
SustAt .         Harm     .     (no ring)
MR     .....                    (no ring)
Stlth  ++........               (no ring)
                                (no ring)
                                (no ring)
                                (no ring)

@: not resistant to hostile enchantments, unstealthy
A: almost no armour, amphibious, 8 rings, constrict 8, camouflage 1, gelatinous
body 1
a: no special abilities


You were on level 2 of the Dungeon.
You were hungry.

You visited 1 branch of the dungeon, and saw 2 of its levels.

You collected 84 gold pieces.

Inventory:

Hand Weapons
 a - a +0 spear
 k - a +1 vampiric dagger
Missiles
 d - 5 tomahawks of dispersal (quivered)
 h - 6 tomahawks
Scrolls
 c - a scroll of blinking
 j - 2 scrolls of teleportation {unknown}
 l - 2 scrolls of identify {unknown}
 m - 3 scrolls of fog {unknown}
 n - a scroll of immolation {unknown}
Potions
 e - 4 potions of curing
 g - a potion of flight {unknown}
Books
 b - a book of Spatial Translocations

   Spells                             Type                      Level
   a - Apportation                    Translocation                1
   b - Blink                          Translocation                2
   c - Shroud of Golubria             Charms/Translocation         2
   d - Portal Projectile              Translocation                3
   e - Teleport Other                 Translocation                3
   f - Passage of Golubria            Translocation                4
Comestibles
 f - a bread ration
 i - 2 meat rations
 o - a beef jerky


   Skills:
 - Level 2.1 Fighting
 - Level 2.0 Polearms
 - Level 1.0 Throwing
 - Level 2.4 Dodging
 + Level 2.6 Unarmed Combat
 - Level 2.0 Spellcasting
 - Level 3.0 Translocations


You had 5 spell levels left.
You knew the following spells:

 Your Spells              Type           Power        Failure   Level  Hunger
a - Apportation           Tloc           ##........   8%          1    #......


Dungeon Overview and Level Annotations

Branches:
Dungeon (2/15)

Altars:


Innate Abilities, Weirdness & Mutations

You cannot wear most types of armour.
You are amphibious.
You can wear up to eight rings at the same time.
You can use your tentacles to constrict eight enemies at once.
Your skin changes colour to match your surroundings (Stealth+).
Your rubbery body absorbs attacks. (AC +1)


Message History

A worm is nearby!
You see here a meat ration.
A rat comes into view.
The helpless worm fails to defend itself.
You tentacle-slap the worm. You grab the worm.
The worm is lightly wounded.
You constrict the worm. The worm bites you!
You barely miss the rat. Your grab misses the rat. You constrict the worm.
The rat barely misses you.
You closely miss the rat. You grab the rat. You constrict the rat.
You constrict the worm. The worm bites you. The rat barely misses you.
You tentacle-slap the rat but do no damage.
The rat is heavily wounded.
You constrict the rat.
You kill the rat!
You constrict the worm.
You tentacle-slap the worm but do no damage.
The worm is severely wounded.
You constrict the worm. The worm bites you!
You die...

... .. #..##.#..
##.....#.# #........ #
###......###### ...
!........#.....
....########......#.####
#.......%.............
#...w@....%(....#.####
#...†.####.....##.#...
#####.# ########.#.#.
..# #.#.#. #### #.#...
#.#### #..... ######


You could see a worm.

Vanquished Creatures
  An ooze (D:1)
  A worm (D:1)
  2 dart slugs (D:1)
  A giant gecko (D:1)
  A giant cockroach (D:1)
  2 goblins (D:1)
  3 hobgoblins (D:1)
  A kobold (D:1)
  A ball python (D:1)
  5 bats
  3 giant newts (D:1)
  4 rats
25 creatures vanquished.

Notes
Turn   | Place    | Note
--------------------------------------------------------------
     0 | D:1      | Chikkuri the Octopode Warper began the quest for the Orb.
     0 | D:1      | Reached XP level 1. HP: 14/14 MP: 3/3
   443 | D:1      | Reached skill level 1 in Unarmed Combat
   443 | D:1      | Reached XP level 2. HP: 18/19 MP: 5/5
   681 | D:1      | Reached XP level 3. HP: 20/24 MP: 6/6
  1161 | D:2      | Slain by a worm

Vault maps used:
D:1:      evilmike_arrival_run_for_it
D:2:      first_bread, lemuel_another_geyser

Skill      XL: |  1  2 |
---------------+-------+-----
Unarmed Combat | 1 2 |  2.6
Fighting       | |  2.1
Polearms       | |  2.0
Throwing       | |  1.0
Dodging        | |  2.4
Spellcasting   | |  2.0
Translocations | |  3.0

Action                   || total
-------------------------++-------
Melee: Spear             ||    62
       Constrict         ||    16
       Tentacles         ||     9
       Punch             ||     1
       Unarmed           ||     6
 Stab: Sleeping          ||    10
Armor: Skin              ||     1
Dodge: Dodged            ||    20
